Map: Lerilak Crest

Players

LilDicky

  • Race: Terran Terran
  • League: Diamond

Slam - Winner!

  • Race: Zerg Zerg
  • League: Diamond

VOD

http://www.twitch.tv/tumescentpie

Description

Time

  • Played on: Dec. 20, 2015, 2:41 p.m.
  • Length: 5:20
Show
View Real Time Build Order
Export as new Build Order

LilDicky Terran 

Build Orders: Hellion Banshee 

Get SALT Encoding   

  12  0:01  SCV  
  13  0:13  SCV  
  14  0:17  Supply Depot  
  14  0:30  SCV  
  15  0:42  SCV, Refinery  
  16  0:45  Barracks  
  16  0:54  SCV  
  17  1:06  SCV  
  18  1:18  SCV  
  19  1:30  SCV  
  20  1:45  Reaper  
  20  1:47  Command Center, Orbital Command  
  21  2:05  Supply Depot  
  21  2:13  SCV  
  22  2:20  Factory  
  22  2:25  Barracks Reactor  
  22  2:27  SCV  
  23  2:37  Refinery  
  23  2:39  SCV  
  23  2:51  SCV  
  24  3:03  SCV  
  25  3:09  Command Center  
  25  3:15  SCV  
  25  3:17  Barracks Tech Lab  
  25  3:18  Hellion, Starport  
  25  3:19  Hellion  
  30  3:33  Orbital Command  
  30  3:40  Hellion  
  30  3:41  Hellion  
  34  3:49  SCV  
  35  4:00  SCV  
  35  4:01  SCV  
  35  4:02  Marine  
  38  4:03  Hellion  
  38  4:04  Hellion  
  41  4:17  Banshee  
  41  4:20  SCV  
  41  4:22  SCV  
  46  4:29  Orbital Command  
  44  4:42  Hellion  
  44  4:43  Hellion  
  40  4:58  SCV  
  40  4:59  SCV  
Show
View Real Time Build Order
Export as new Build Order

Slam Zerg - Winner!

Build Orders: Hatch First 

Get SALT Encoding   

  12  0:01  Drone  
  13  0:13  Overlord  
  13  0:19  Drone  
  14  0:31  Drone x2  
  16  0:36  Drone  
  17  0:45  Drone  
  18  0:59  Hatchery  
  18  1:02  Drone  
  18  1:09  Extractor  
  17  1:15  Spawning Pool  
  17  1:18  Drone  
  17  1:21  Drone  
  18  1:29  Drone  
  19  1:40  Overlord  
  19  2:01  Queen  
  19  2:04  Zergling x4  
  23  2:10  Metabolic Boost  
  23  2:14  Queen  
  23  2:15  Drone x2  
  27  2:24  Drone  
  27  2:25  Drone  
  29  2:33  Drone x2  
  31  2:46  Drone  
  32  2:56  Roach Warren  
  31  3:01  Zergling x2  
  31  3:02  Zergling x2  
  33  3:07  Overlord x3  
  33  3:42  Roach x4  
  33  3:46  Roach  
  42  3:57  Zergling x14  
  42  3:58  Zergling x4  
  51  4:08  Ravager x2  
  53  4:16  Zergling x6  
  53  4:17  Zergling x2  
  57  4:20  Overlord x2  
  57  4:21  Zergling x2  
  58  4:24  Ravager  
  53  4:59  Ravager  
Tags
 
Add a new tag
Caveats
  • Supply blocks, unpowered buildings, or Contaminate may cause inaccurate times.
  • Supply counts are checked every 10 seconds.